 Dungeon Crawl Stone Soup version 0.22-a0-231-g1b571ea (webtiles) character file.

32841 wolfsongas the Thaumaturge (level 13, -1/104 HPs)
             Began as a Gnoll Skald on Feb 19, 2018.
             Was a High Priest of Vehumet.
             Slain by a hog (3 damage)
             ... led by Kirke
             ... on level 5 of the Lair of Beasts on Feb 21, 2018.
             The game lasted 01:00:58 (20201 turns).

wolfsongas the Thaumaturge (Gnoll Skald)           Turns: 20201, Time: 01:00:58

Health: -1/104     AC: 20    Str: 17    XL:     13   Next: 67%
Magic:  26/26      EV: 16    Int: 18    God:    Vehumet [*****.]
Gold:   1092       SH:  0    Dex: 14    Spells: 22/31 levels left

rFire    + . .     SeeInvis .   C - +0 demon whip (flame)
rCold    + . .     Gourm    .   (no shield)
rNeg     + . .     Faith    .   s - +5 ring mail {rPois}
rPois    +         Spirit   .   p - +0 hat
rElec    .         Reflect  .   D - +1 cloak {rF+}
rCorr    .         Harm     .   e - +2 pair of gloves
MR       .....                  (no boots)
Stlth    +++.......             u - amulet of magic regeneration
HPRegen  0.27/turn              y - +2 ring of protection
MPRegen  0.45/turn              f - ring of positive energy

@: no status effects
A: distributed training, fangs 1, hooves 1, horns 1, rugged brown scales 1,
blink, cold resistance 1, MP-powered wands, strong nose
a: Blink, Renounce Religion


You were on level 5 of the Lair of Beasts.
You worshipped Vehumet.
Vehumet was extremely pleased with you.
You were full.

You visited 3 branches of the dungeon, and saw 17 of its levels.
You also visited: Volcano.

You collected 1092 gold pieces.

Inventory:

Hand Weapons
 b - a +1 eveningstar of flaming
 j - a +3 quick blade
 x - a +1 dagger of electrocution
 C - a +0 demon whip of flaming (weapon)
Armour
 e - a +2 pair of gloves (worn)
 p - a +0 hat (worn)
 s - a +5 ring mail of poison resistance (worn)
 D - a +1 cloak of fire resistance (worn)
Jewellery
 f - a ring of positive energy (right hand)
 l - an uncursed ring of positive energy
 n - an uncursed ring of flight
 u - an amulet of magic regeneration (around neck)
 y - a +2 ring of protection (left hand)
Wands
 a - a wand of random effects (87)
 i - a wand of disintegration (12)
 k - a wand of acid (14)
 v - a wand of digging (24)
 w - a wand of flame (26)
Scrolls
 d - 3 scrolls of amnesia
 g - 6 scrolls of remove curse
 h - a scroll of enchant armour
 m - 2 scrolls of fog
 t - a scroll of blinking
 E - a scroll of identify
 F - 3 scrolls of teleportation
Potions
 q - 3 potions of brilliance
 r - a potion of cancellation
 z - a potion of curing
 A - a potion of flight
 B - a potion of berserk rage
Comestibles
 c - 16 rations
 o - 11 chunks of flesh


   Skills:
 + Level 9.5 Fighting
 + Level 8.3 Short Blades
 + Level 8.3 Long Blades
 + Level 9.5 Axes
 + Level 8.3 Maces & Flails
 + Level 8.3 Polearms
 + Level 8.3 Staves
 + Level 8.3 Slings
 + Level 8.3 Bows
 + Level 8.3 Crossbows
 + Level 8.3 Throwing
 + Level 8.8 Armour
 + Level 9.5 Dodging
 + Level 8.3 Stealth
 + Level 8.3 Shields
 + Level 8.3 Unarmed Combat
 + Level 9.7 Spellcasting
 + Level 6.9 Conjurations
 + Level 6.9 Hexes
 + Level 8.9 Charms
 + Level 6.9 Summonings
 + Level 6.9 Necromancy
 + Level 6.9 Translocations
 + Level 6.9 Transmutations
 + Level 6.9 Fire Magic
 + Level 6.9 Ice Magic
 + Level 6.9 Air Magic
 + Level 6.9 Earth Magic
 + Level 6.9 Poison Magic
 + Level 9.1 Invocations
 + Level 8.3 Evocations


You had 22 spell levels left.
You knew the following spells:

 Your Spells              Type           Power        Failure   Level  Hunger
a - Infusion              Chrm           ####         1%          1    None
b - Shroud of Golubria    Chrm/Tloc      #####.....   1%          2    None
c - Mephitic Cloud        Conj/Pois/Air  ####....     1%          3    None
d - Ignite Poison         Fire/Tmut/Pois ####....     1%          3    None


Dungeon Overview and Level Annotations

Branches:
Dungeon (11/15)            Temple (1/1) D:5            Lair (5/6) D:8
 Shoals (0/4) Lair:4        Snake (0/4) Lair:4          Orc (0/2) D:10
  Slime: Lair:5-6

Altars:
Ashenzari
Cheibriados
Dithmenos
Elyvilon
Fedhas
Gozag
Hepliaklqana
Kikubaaqudgha
Makhleb
Nemelex Xobeh
Okawaru
Sif Muna
Trog
Uskayaw
Vehumet
Xom
Yredelemnul
Zin
The Shining One

Annotations:
Lair:5 Kirke


Innate Abilities, Weirdness & Mutations

Your experience applies equally to all skills.
You have very sharp teeth.
Your uncanny sense of smell can sniff out nearby items.
You have large cloven feet.
You have a pair of small horns on your head.
You are partially covered in rugged brown scales. (AC +1, +3% HP)
You can translocate small distances at will.
Your flesh is cold resistant. (rC+)
You expend magic power (3 MP) to strengthen your wands.


Message History

The hog bites the plant.
The hog bites you!
* * * LOW HITPOINT WARNING * * *
The hog bites you but does no damage.
The blink frog hits the plant!
The blink frog hits you.
* * * LOW HITPOINT WARNING * * *
You hit the hog. You burn the hog.
The hog is lightly wounded.
You recover from your berserk rage.
The hog misses you. The hog closely misses you. The hog completely misses you.
The blink frog hits you but does no damage.
The blink frog blinks!
You hit the hog but do no damage. You headbutt the hog.
The hog is moderately wounded.
The hog bites you but does no damage. The hog barely misses you.
The hog misses you.
The manticore bites the fungus!
The fungus is destroyed!
You hit the hog. You burn the hog.
The hog is heavily wounded.
The blink frog blinks!
The hog bites you.
You die...

#P...# ....... ##...##
....... #...#### #...#..
#####.#.F#.# ###....#.
##.#.#..+#.## ##........
...........P# #.P.[.....
............######..P......
#(........h†#.F#P.Fh†..>...
..........@hh....§.........
#.........h##hH..'.........
#..........###.##.........?
#..#...#..## #####.>.......
#P#.#####..# #P.#######
#### #### #### # #


You could see a manticore, 5 hogs and 2 blink frogs.

Vanquished Creatures
  A red draconian (Volcano)
  A hydra (D:11)
  Fannar (D:10)
  Harold (D:10)
  5 two-headed ogres
  An ogre mage (Volcano)
  Urug (Lair:5)
  A cyclops (D:11)
  A merfolk siren (Lair:4)
  Maurice (D:10)
  2 black mambas
  2 molten gargoyles (Volcano)
  4 elephants
  6 komodo dragons
  4 spiny frogs
  An anaconda simulacrum (Lair:1)
  2 rime drakes
  A troll (D:10)
  15 blink frogs
  5 hippogriffs
  Sigmund (D:5)
  3 fire bats (Lair:3)
  2 wyverns
  36 yaks
  Eustachio (D:6)
  4 basilisks
  A steam dragon (Lair:2)
  2 hogs (Lair:5)
  Edmund (D:6)
  A naga (Lair:4)
  5 water moccasins
  A hydra simulacrum (Lair:1)
  Duvessa (D:5)
  4 orc warriors
  7 porcupines
  A sky beast (D:11)
  A hornet zombie (D:7)
  3 phantoms
  A black bear (D:6)
  8 ogres
  4 centaurs
  3 big kobolds
  12 crocodiles
  16 bullfrogs
  2 scorpions (D:7)
  Dowan (D:5)
  A howler monkey (D:11)
  10 wights
  3 electric eels (Lair:1)
  5 lava snakes (Volcano)
  A komodo dragon simulacrum (Lair:1)
  A centaur skeleton (D:5)
  5 hounds
  4 gnoll shamans
  10 orc priests
  4 bullfrog skeletons
  3 jellies
  Jessica (D:6)
  A water moccasin simulacrum (Lair:1)
  4 iguanas
  Natasha (thrice) (D:2)
  8 orc wizards
  11 worker ants
  A bullfrog simulacrum (Lair:1)
  A porcupine simulacrum (Lair:1)
  A howler monkey zombie (D:9)
  8 adders
  43 gnolls
  2 shadow imps
  2 adder zombies
  An adder skeleton (D:4)
  3 worms
  2 dart slugs
  6 leopard geckos
  44 orcs
  9 giant cockroaches
  6 hobgoblins
  27 jackals
  17 kobolds
  3 quokkas
  3 ball pythons
  10 bats
  3 frilled lizards
  9 goblins
  A quokka skeleton (D:8)
  A quokka zombie (D:5)
  10 rats
466 creatures vanquished.

Vanquished Creatures (others)
  8 fungi
  7 plants
15 creatures vanquished.

Grand Total: 481 creatures vanquished

Notes
Turn   | Place    | Note
-------+----------+-------------------------------------------
     0 | D:1      | wolfsongas the Gnoll Skald began the quest for the Orb.
     0 | D:1      | Reached XP level 1. HP: 20/20 MP: 6/6
    87 | D:1      | Reached XP level 2. HP: 22/26 MP: 7/7
   265 | D:1      | Reached XP level 3. HP: 31/31 MP: 9/9
   487 | D:1      | Reached skill level 5 in Spellcasting
   813 | D:2      | Reached skill level 1 in Invocations
   832 | D:2      | Noticed Natasha
   834 | D:2      | Killed Natasha
   834 | D:2      | Reached skill level 1 in Short Blades
   834 | D:2      | Reached skill level 1 in Long Blades
   834 | D:2      | Reached skill level 1 in Maces & Flails
   834 | D:2      | Reached skill level 1 in Polearms
   834 | D:2      | Reached skill level 1 in Staves
   834 | D:2      | Reached skill level 1 in Slings
   834 | D:2      | Reached skill level 1 in Bows
   834 | D:2      | Reached skill level 1 in Crossbows
   834 | D:2      | Reached skill level 1 in Throwing
   834 | D:2      | Reached skill level 1 in Stealth
   834 | D:2      | Reached skill level 1 in Shields
   834 | D:2      | Reached skill level 1 in Unarmed Combat
   834 | D:2      | Reached skill level 1 in Evocations
   834 | D:2      | Reached XP level 4. HP: 22/38 MP: 3/11
  1215 | D:2      | Reached skill level 1 in Conjurations
  1215 | D:2      | Reached skill level 1 in Hexes
  1215 | D:2      | Reached skill level 1 in Summonings
  1215 | D:2      | Reached skill level 1 in Necromancy
  1215 | D:2      | Reached skill level 1 in Translocations
  1215 | D:2      | Reached skill level 1 in Transmutations
  1215 | D:2      | Reached skill level 1 in Fire Magic
  1215 | D:2      | Reached skill level 1 in Ice Magic
  1215 | D:2      | Reached skill level 1 in Air Magic
  1215 | D:2      | Reached skill level 1 in Earth Magic
  1215 | D:2      | Reached skill level 1 in Poison Magic
  1435 | D:2      | Noticed Natasha
  1444 | D:2      | Killed Natasha
  1444 | D:2      | Reached XP level 5. HP: 31/43 MP: 8/12
  1566 | D:2      | Noticed Natasha
  1588 | D:2      | Killed Natasha
  2834 | D:4      | Reached XP level 6. HP: 46/50 MP: 1/13
  2947 | D:4      | Learned a level 2 spell: Shroud of Golubria
  3334 | D:4      | Reached skill level 5 in Fighting
  3334 | D:4      | Reached skill level 5 in Axes
  3334 | D:4      | Reached skill level 5 in Dodging
  3568 | D:4      | Gained mutation: You tend to lose your temper in combat. [potion of mutation]
  3568 | D:4      | Gained mutation: Your flesh is cold resistant. (rC+) [potion of mutation]
  3568 | D:4      | Gained mutation: Your muscles are strong. (Str +2) [potion of mutation]
  3568 | D:4      | Gained mutation: You are partially covered in rugged brown scales. (AC +1, +3% HP) [potion of mutation]
  3570 | D:4      | Reached XP level 7. HP: 18/57 MP: 9/15
  4192 | D:4      | Reached XP level 8. HP: 38/64 MP: 14/16
  4995 | D:5      | Entered Level 5 of the Dungeon
  5079 | D:5      | Noticed Sigmund
  5085 | D:5      | Killed Sigmund
  5770 | D:5      | Noticed Dowan
  5783 | D:5      | Noticed Duvessa
  5788 | D:5      | Killed Dowan
  5788 | D:5      | Reached XP level 9. HP: 49/71 MP: 13/18
  5807 | D:5      | Killed Duvessa
  5832 | D:5      | Lost mutation: You tend to lose your temper in combat. [potion of mutation]
  5832 | D:5      | Lost mutation: Your muscles are strong. (Str +2) [potion of mutation]
  5832 | D:5      | Gained mutation: You have large cloven feet. [potion of mutation]
  5832 | D:5      | Gained mutation: You can translocate small distances at will. [potion of mutation]
  5832 | D:5      | Gained mutation: You expend magic power (3 MP) to strengthen your wands. [potion of mutation]
  5832 | D:5      | Gained mutation: You have a pair of small horns on your head. [potion of mutation]
  5929 | D:5      | Found a staircase to the Ecumenical Temple.
  5974 | Temple   | Entered the Ecumenical Temple
  6031 | Temple   | Became a worshipper of Vehumet
  6272 | D:6      | Noticed Edmund
  6292 | D:6      | Noticed Eustachio
  6329 | D:6      | Killed Eustachio
  6768 | D:6      | Killed Edmund
  6768 | D:6      | Reached skill level 5 in Armour
  6980 | D:6      | Noticed Jessica
  7001 | D:6      | Found a deep blue altar of Sif Muna.
  7013 | D:6      | Killed Jessica
  7512 | D:7      | Reached * piety under Vehumet
  7512 | D:7      | Offered knowledge of Sting by Vehumet.
  7664 | D:7      | Reached skill level 5 in Invocations
  7832 | D:8      | Noticed a two-headed ogre
  7845 | D:8      | Killed a two-headed ogre
  7845 | D:8      | Reached XP level 10. HP: 12/79 MP: 13/20
  8288 | D:8      | Reached skill level 5 in Short Blades
  8288 | D:8      | Reached skill level 5 in Long Blades
  8288 | D:8      | Reached skill level 5 in Maces & Flails
  8288 | D:8      | Reached skill level 5 in Polearms
  8288 | D:8      | Reached skill level 5 in Staves
  8288 | D:8      | Reached skill level 5 in Slings
  8288 | D:8      | Reached skill level 5 in Bows
  8288 | D:8      | Reached skill level 5 in Crossbows
  8288 | D:8      | Reached skill level 5 in Throwing
  8288 | D:8      | Reached skill level 5 in Stealth
  8288 | D:8      | Reached skill level 5 in Shields
  8288 | D:8      | Reached skill level 5 in Unarmed Combat
  8288 | D:8      | Reached skill level 5 in Evocations
  8296 | D:8      | Reached ** piety under Vehumet
  8296 | D:8      | Offered knowledge of Throw Flame by Vehumet.
  8385 | D:8      | Found a staircase to the Lair.
  8385 | D:8      | Noticed an elephant
  9701 | D:10     | Entered Level 10 of the Dungeon
  9850 | D:10     | Offered knowledge of Dazzling Spray by Vehumet.
 10011 | D:10     | Noticed Fannar
 10042 | D:10     | Killed Fannar
 10174 | D:10     | Reached XP level 11. HP: 86/86 MP: 16/22
 10182 | D:10     | Noticed Harold
 10216 | D:10     | Reached *** piety under Vehumet
 10484 | D:10     | Found a bloodstained altar of Trog.
 10526 | D:10     | Found a staircase to the Orcish Mines.
 10746 | D:10     | Killed Harold
 10746 | D:10     | Reached skill level 5 in Conjurations
 10746 | D:10     | Reached skill level 5 in Hexes
 10746 | D:10     | Reached skill level 5 in Summonings
 10746 | D:10     | Reached skill level 5 in Necromancy
 10746 | D:10     | Reached skill level 5 in Translocations
 10746 | D:10     | Reached skill level 5 in Transmutations
 10746 | D:10     | Reached skill level 5 in Fire Magic
 10746 | D:10     | Reached skill level 5 in Ice Magic
 10746 | D:10     | Reached skill level 5 in Air Magic
 10746 | D:10     | Reached skill level 5 in Earth Magic
 10746 | D:10     | Reached skill level 5 in Poison Magic
 10901 | D:10     | Offered knowledge of Fulminant Prism by Vehumet.
 11319 | D:10     | Noticed Maurice
 11395 | D:10     | Killed Maurice
 11636 | D:11     | Noticed a four-headed hydra
 11640 | D:11     | Killed a four-headed hydra
 11652 | D:11     | Noticed a cyclops
 11767 | D:11     | Noticed an eight-headed hydra
 11819 | D:11     | Killed a cyclops
 13617 | D:8      | Learned a level 3 spell: Mephitic Cloud
 13660 | Lair:1   | Entered Level 1 of the Lair of Beasts
 13677 | Lair:1   | Reached **** piety under Vehumet
 13749 | Lair:1   | Reached XP level 12. HP: 52/95 MP: 9/24
 14283 | Lair:1   | Found a transporter.
 14299 | Lair:1   | Found a transporter.
 14320 | Lair:1   | Offered knowledge of Ignite Poison by Vehumet.
 14630 | Lair:1   | Learned a level 3 spell: Ignite Poison
 16745 | Lair:3   | Found a dark tunnel.
 16754 | Volcano  | Entered a volcano
 17023 | Volcano  | Found a bloodstained altar of Trog.
 17023 | Volcano  | Noticed a two-headed ogre
 17023 | Volcano  | Noticed an ogre mage
 17023 | Volcano  | Noticed a two-headed ogre
 17023 | Volcano  | Noticed a two-headed ogre
 17026 | Volcano  | Killed a two-headed ogre
 17029 | Volcano  | Noticed a red draconian
 17029 | Volcano  | Killed an ogre mage
 17029 | Volcano  | Killed a two-headed ogre
 17033 | Volcano  | Noticed a two-headed ogre
 17045 | Volcano  | Killed a two-headed ogre
 17058 | Volcano  | Killed a red draconian
 17069 | Volcano  | Killed a two-headed ogre
 17209 | Volcano  | Reached XP level 13. HP: 80/104 MP: 20/26
 17294 | Lair:3   | Upgraded the game from 0.22-a0-224-g8cf3520 to 0.22-a0-231-g1b571ea
 17322 | Lair:3   | Reached ***** piety under Vehumet
 17393 | Lair:3   | Offered knowledge of Yara's Violent Unravelling by Vehumet.
 18909 | Lair:4   | Found a staircase to the Shoals.
 19773 | Lair:4   | Found a staircase to the Snake Pit.
 20132 | Lair:5   | Noticed Urug
 20157 | Lair:5   | Killed Urug
 20171 | Lair:5   | Noticed Kirke
 20198 | Lair:5   | HP: 4/104 [hog[Kirke] (7)]
 20198 | Lair:5   | HP: 1/104 [blink frog (3)]
 20201 | Lair:5   | Slain by a hog

Vault maps used:
D:1:      evilmike_arrival_run_for_it
D:2:      uniq_natasha
D:3:      nicolae_underground_beach
D:4:      lemuel_castle_with_subvaults
D:5:      minmay_temple_entry_metal_lava, first_ration, uniq_duvessa,
          uniq_sigmund
D:6:      tgw_sif, uniq_eustachio, uniq_edmund
D:8:      david_lair_generic
D:10:     david_orc_3, blue_anna_alchemist, grunt_ministairs_15, bloody_trog,
          uniq_maurice, uniq_fannar, uniq_harold
Temple:   nicolae_temple_the_god_donut
Lair:1:   gammafunk_cloud_chamber, serial_bayou_lagoon_b
Lair:3:   lab_entry_generic, nicolae_volcano_entry_batcave, grunt_megastairs_4
Lair:4:   minmay_shoals_entry_lonely_mermaid, guppyfry_snake_entry_garden
Lair:5:   uniq_kirke, uniq_urug
Volcano:  volcano_lake

Skill      XL: |  1  2  3  4  5  6  7  8  9 10 11 12 13 |
---------------+----------------------------------------+-----
Spellcasting   | 5 6 7 8 9 |  9.7
Invocations    | 1 2 3 4 5 6 7 8 9 |  9.1
Short Blades   | 1 2 3 4 5 6 7 8 |  8.3
Long Blades    | 1 2 3 4 5 6 7 8 |  8.3
Maces & Flails | 1 2 3 4 5 6 7 8 |  8.3
Polearms       | 1 2 3 4 5 6 7 8 |  8.3
Staves         | 1 2 3 4 5 6 7 8 |  8.3
Slings         | 1 2 3 4 5 6 7 8 |  8.3
Bows           | 1 2 3 4 5 6 7 8 |  8.3
Crossbows      | 1 2 3 4 5 6 7 8 |  8.3
Throwing       | 1 2 3 4 5 6 7 8 |  8.3
Stealth        | 1 2 3 4 5 6 7 8 |  8.3
Shields        | 1 2 3 4 5 6 7 8 |  8.3
Unarmed Combat | 1 2 3 4 5 6 7 8 |  8.3
Evocations     | 1 2 3 4 5 6 7 8 |  8.3
Conjurations   | 1 2 3 4 5 6 |  6.9
Hexes          | 1 2 3 4 5 6 |  6.9
Summonings     | 1 2 3 4 5 6 |  6.9
Necromancy     | 1 2 3 4 5 6 |  6.9
Translocations | 1 2 3 4 5 6 |  6.9
Transmutations | 1 2 3 4 5 6 |  6.9
Fire Magic     | 1 2 3 4 5 6 |  6.9
Ice Magic      | 1 2 3 4 5 6 |  6.9
Air Magic      | 1 2 3 4 5 6 |  6.9
Earth Magic    | 1 2 3 4 5 6 |  6.9
Poison Magic   | 1 2 3 4 5 6 |  6.9
Armour         | 3 4 5 6 7 8 |  8.8
Fighting       | 5 6 7 8 9 |  9.5
Axes           | 5 6 7 8 9 |  9.5
Dodging        | 5 6 7 8 9 |  9.5
Charms         | 6 7 8 |  8.9

Action                   |  1- 3 |  4- 6 |  7- 9 | 10-12 | 13-15 || total
-------------------------+-------+-------+-------+-------+-------++-------
Melee: Hand axe          |    73 |   179 |       |       |       ||   252
       Bite              |     3 |    23 |    39 |   142 |    44 ||   251
       Punch             |       |     1 |       |    28 |    15 ||    44
       Halberd           |       |    52 |   442 |    49 |       ||   543
       Kick              |       |       |    39 |   310 |   112 ||   461
       Headbutt          |       |       |    24 |   200 |    66 ||   290
       Dagger            |       |       |       |   262 |       ||   262
       Quick blade       |       |       |       |   595 |       ||   595
       Demon whip        |       |       |       |       |   291 ||   291
 Cast: Infusion          |     5 |    14 |    14 |    45 |    14 ||    92
       Shroud of Golubri |       |     6 |    16 |    57 |    19 ||    98
       Mephitic Cloud    |       |       |       |     7 |     4 ||    11
       Ignite Poison     |       |       |       |     3 |       ||     3
Evoke: Wand              |       |       |       |    42 |     3 ||    45
  Use: Scroll            |     4 |     4 |     8 |    14 |       ||    30
       Potion            |       |     2 |     5 |    14 |     2 ||    23
 Stab: Sleeping          |     3 |     1 |     3 |     6 |     3 ||    16
       Confused          |       |       |       |     1 |     4 ||     5
       Paralysed         |       |       |       |     1 |       ||     1
  Eat: Chunk             |       |     3 |    10 |     8 |     2 ||    23
       Ration            |       |     2 |     1 |     8 |     2 ||    13
Armor: Leather armour    |    18 |    16 |       |       |       ||    34
       Ring mail         |       |    72 |   253 |   240 |   117 ||   682
       Skin              |       |    42 |       |       |       ||    42
Dodge: Dodged            |    57 |   193 |   563 |   473 |   261 ||  1547

Table legend:
 A = Spawn XP
 B = Non-spawn XP
 C = Spawn XP percentage of total XP
 D = Spawn monster count
 E = Non-spawn monster count
 F = Spawn count percentage of total count
 G = Total turns spent on level
                    A         B        C        D         E        F      G
               +---------+---------+-------+---------+---------+-------+---------
         Total |       0 |   46917 |   0.0 |       0 |     466 |   0.0 | 20201
               +---------+---------+-------+---------+---------+-------+---------
           D:1 |       0 |      38 |   0.0 |       0 |      20 |   0.0 |   758
           D:2 |       0 |     174 |   0.0 |       0 |      21 |   0.0 |  1228
           D:3 |       0 |      81 |   0.0 |       0 |      35 |   0.0 |   785
           D:4 |       0 |    1094 |   0.0 |       0 |      71 |   0.0 |  2224
           D:5 |       0 |    1177 |   0.0 |       0 |      29 |   0.0 |  1445
           D:6 |       0 |     983 |   0.0 |       0 |      18 |   0.0 |   546
           D:7 |       0 |     650 |   0.0 |       0 |      18 |   0.0 |   767
           D:8 |       0 |    3895 |   0.0 |       0 |      41 |   0.0 |  1857
           D:9 |       0 |    1227 |   0.0 |       0 |      26 |   0.0 |  1313
          D:10 |       0 |    5352 |   0.0 |       0 |      45 |   0.0 |  1902
          D:11 |       0 |    3616 |   0.0 |       0 |      21 |   0.0 |  1098
        Lair:1 |       0 |    4467 |   0.0 |       0 |      26 |   0.0 |  1483
        Lair:2 |       0 |    2924 |   0.0 |       0 |      16 |   0.0 |   981
        Lair:3 |       0 |    4753 |   0.0 |       0 |      21 |   0.0 |  1871
        Lair:4 |       0 |    6052 |   0.0 |       0 |      29 |   0.0 |  1047
        Lair:5 |       0 |    5003 |   0.0 |       0 |      16 |   0.0 |   269
       Volcano |       0 |    5431 |   0.0 |       0 |      13 |   0.0 |   539
               +---------+---------+-------+---------+---------+-------+---------
